Map: Solaris LE

Players

Subwayeatn - Winner!

  • Race: Zerg Zerg
  • League: Platinum
  • Spawn Location: 1:00

BobLoblaw

  • Race: Zerg Zerg
  • League: Platinum
  • Spawn Location: 7:00

VOD

Have the link to the VOD?

Description

Time

  • Played on: Nov. 9, 2023, 11:58 a.m.
  • Length: 9:28
Show
View Real Time Build Order
Export as new Build Order

Subwayeatn Zerg - Winner!

Build Orders: Pool First 

Get SALT Encoding   

  12  0:00  Drone  
  13  0:08  Drone  
  14  0:15  Extractor  
  13  0:28  Spawning Pool  
  12  0:57  Hatchery  
  11  1:15  Queen  
  13  1:28  Metabolic Boost  
  13  1:31  Zergling x2  
  14  1:40  Overlord  
  14  2:02  Zergling x6  
  17  2:11  Zergling x2  
  17  2:12  Queen  
  20  2:18  Zergling x2  
  20  2:22  Zergling x2  
  22  2:29  Zergling x2  
  23  2:38  Zergling x4  
  25  2:45  Zergling x2  
  25  3:09  Zergling x6  
  25  3:12  Overlord  
  26  3:38  Drone x6  
  32  3:52  Drone x3  
  32  3:54  Overlord  
  35  4:11  Overlord  
  35  4:12  Roach Warren  
  34  4:17  Overlord  
  34  4:20  Drone  
  35  4:25  Drone  
  35  4:26  Drone  
  37  4:34  Drone x3  
  40  4:46  Drone x5  
  40  4:48  Drone  
  46  4:58  Drone x3  
  46  4:59  Drone  
  50  5:03  Overlord  
  50  5:09  Drone  
  50  5:10  Drone  
  50  5:11  Drone  
  52  5:32  Drone  
  52  5:33  Extractor  
  52  5:38  Lair  
  52  5:41  Overlord  
  53  5:50  Drone x2  
  53  5:55  Evolution Chamber  
  53  5:57  Evolution Chamber  
  52  6:05  Overlord  
  52  6:18  Drone  
  53  6:20  Zerg Missile Weapons Level 1  
  53  6:27  Hatchery  
  53  6:28  Drone  
  53  6:29  Extractor, Drone x3  
  55  6:33  Zerg Ground Armor Level 1  
  55  6:46  Drone x13  
  68  6:55  Glial Reconstitution  
  68  6:57  Overlord  
  68  6:59  Overlord  
  68  7:00  Overlord  
  68  7:15  Overlord  
  68  7:18  Drone x4  
  72  7:25  Overlord x2  
  72  7:32  Roach  
  72  7:33  Roach x2  
  72  7:36  Roach x3  
  84  7:45  Drone  
  84  7:47  Roach  
  84  7:48  Roach  
  84  7:51  Queen  
  89  7:55  Spine Crawler  
  89  7:57  Spine Crawler  
  89  7:58  Roach x5  
  99  8:04  Roach x6  
  111  8:14  Roach  
  111  8:15  Roach x2  
  117  8:26  Roach x2  
  117  8:27  Roach x4  
  105  8:53  Roach x4  
  105  8:54  Roach x3  
  115  9:02  Spore Crawler  
  108  9:04  Spore Crawler  
  101  9:14  Spore Crawler  
  100  9:21  Spore Crawler x2  
Show
View Real Time Build Order
Export as new Build Order

BobLoblaw Zerg 

Build Orders: Hatch First 

Get SALT Encoding   

  12  0:19  Overlord  
  12  0:27  Drone x2  
  14  0:47  Drone  
  15  0:51  Drone  
  15  0:53  Hatchery  
  15  0:55  Drone  
  16  1:14  Spawning Pool  
  16  1:16  Drone  
  16  1:20  Drone  
  16  1:25  Extractor  
  16  1:30  Drone  
  17  1:42  Drone  
  18  2:03  Queen  
  18  2:06  Spine Crawler  
  19  2:16  Drone x5  
  24  2:23  Spine Crawler  
  24  2:24  Queen  
  25  2:37  Zergling x2, Spine Crawler  
  25  2:39  Zergling x2  
  25  2:42  Zergling x2  
  27  2:49  Zergling x2  
  28  3:05  Zergling x4  
  28  3:12  Zergling x4  
  28  3:25  Metabolic Boost  
  27  3:35  Overlord  
  27  3:36  Overlord  
  27  3:59  Zergling x6  
  30  4:06  Queen  
  32  4:14  Zergling x2, Baneling Nest  
  32  4:25  Zergling x2  
  33  4:51  Hatchery  
  32  4:57  Drone  
  32  4:58  Drone x5  
  38  5:04  Baneling  
  38  5:05  Baneling x6  
  38  5:32  Overlord  
  38  5:33  Overlord x2  
  38  5:34  Lair  
  38  5:39  Extractor  
  37  5:47  Overlord  
  37  5:59  Drone  
  38  6:13  Drone x2  
  38  6:14  Drone x2  
  42  6:24  Roach Warren  
  41  6:31  Evolution Chamber  
  40  6:34  Evolution Chamber  
  39  6:48  Drone x3  
  39  6:52  Spire  
  39  6:54  Centrifugal Hooks  
  41  6:55  Zergling x8  
  41  6:56  Zergling x4  
  41  7:00  Extractor  
  41  7:01  Extractor  
  45  7:11  Glial Reconstitution  
  45  7:16  Hatchery  
  44  7:32  Drone x6  
  44  7:33  Drone x3  
  44  7:36  Queen  
  55  7:50  Roach x3  
  55  7:51  Roach x2  
  65  8:00  Drone x3  
  68  8:14  Mutalisk x2  
  72  8:29  Mutalisk  
  68  8:42  Mutalisk x2  
  68  8:44  Zergling x8  
  62  8:53  Roach x2  
  60  9:03  Zergling x4  
Tags
 
Add a new tag
Caveats
  • Supply blocks, unpowered buildings, or Contaminate may cause inaccurate times.
  • Supply counts are checked every 10 seconds.